 Seeded DCSS version 0.29-a0-393-g47a863cc1b (webtiles) character file.

Game seed: 14875320075521095149 (custom seed)

2356 zeratav the Geomancer (level 9, 0/51 HPs)
             Began as an Octopode Earth Elementalist on May 9, 2022.
             Was an Initiate of Gozag.
             Slain by a wolf (3 damage)
             ... led by Grum
             ... on level 8 of the Dungeon.
             The game lasted 00:11:57 (8054 turns).

zeratav the Geomancer (Octopode Earth Elementalist) Turns: 8054, Time: 00:11:58

Health: 0/51       AC:  1    Str:  8    XL:     9   Next: 44%
Magic:  18/18      EV: 13    Int: 21    God:    Gozag
Gold:   541        SH:  0    Dex: 12    Spells: 16/20 levels left

rFire   . . .      SeeInvis .   w - +4 whip (elec) {mace}
rCold   . . .      Faith    .   (no shield)
rNeg    . . .      Spirit   .   (helmet restricted)
rPois   .          Reflect  .   (no amulet)
rElec   .          Harm     .   (no ring)
rCorr   .          Rampage  .   (no ring)
Will    .....                   (no ring)
Stlth   +++.......              (no ring)
HPRegen 0.17/turn               (no ring)
MPRegen 0.16/turn               (no ring)
                                (no ring)
                                (no ring)

@: no status effects
A: almost no armour, amphibious, 8 rings, camouflage 1, gelatinous body 1,
(nimble swimmer 1), tentacles
a: Renounce Religion, Potion Petition, Call Merchant, Bribe Branch


You were on level 8 of the Dungeon.
You worshipped Gozag.
Gozag was pleased with you.
You visited 2 branches of the dungeon, and saw 9 of its levels.

You collected 639 gold pieces.
You paid 98 gold pieces to Gozag.


Innate Abilities, Weirdness & Mutations

You cannot wear most types of armour.
You are amphibious.
You can wear up to eight rings at the same time.
Your skin changes colour to match your surroundings (Stealth+).
Your rubbery body absorbs attacks. (AC +1, EV +1)
((You are camouflaged when in or above water. (Stealth+)))
You have tentacles for arms and can constrict up to eight enemies at once.


   Skills:
 - Level 2.0 Dodging
 - Level 2.6 Stealth
 - Level 6.0 Spellcasting
 + Level 5.0 Transmutations
 - Level 10.0 Earth Magic


You had 16 spell levels left.
You knew the following spells:

 Your Spells              Type           Power      Damage    Failure   Level
a - Sandblast             Erth           96%        2d20      1%          1
b - Stone Arrow           Conj/Erth      54%        3d10      3%          3

Your spell library contained the following spells:

 Spells                   Type           Power      Damage    Failure   Level
 Passwall                 Tmut/Erth      30%        N/A       1%          2
 Petrify                  Tmut/Erth      37%        N/A       4%          4
 Foxfire                  Conj/Fire      24%        2x1d5     10%         1
 Shock                    Conj/Air       24%        1d4       10%         1
 Corpse Rot               Necr/Air       12%        N/A       14%         2
 Poisonous Vapours        Pois/Air       12%        N/A       14%         2
 Conjure Flame            Conj/Fire      6%         6-21      28%         3
 Inner Flame              Hex/Fire       6%         N/A       28%         3
 Swiftness                Air            6%         N/A       28%         3
 Blade Hands              Tmut           13%        N/A       34%         5
 Statue Form              Tmut/Erth      24%        N/A       56%         6
 Airstrike                Air            3%         N/A       67%         4
 Flame Wave               Conj/Fire      6%         2d5       67%         4
 Alistair's Intoxication  Tmut/Pois      10%        N/A       67%         5
 Yara's Violent Unravell  Hex/Tmut       8%         3d5       67%         5
 Iron Shot                Conj/Erth      13%        9d3       88%         6
 Animate Armour           Summ/Erth      Unusable   N/A       N/A         4

Inventory:

Hand Weapons
 f - a +4 dagger of venom {short}
   (You took it off a kobold on level 1 of the Dungeon)
 w - a +4 whip of electrocution (weapon) {mace}
   (You took it off an orc on level 5 of the Dungeon)
Missiles
 a - 97 stones {throwing}
Armour
 m - a +2 kite shield of protection
   (You found it on level 2 of the Dungeon)
Jewellery
 B - an amulet of faith {!P}
   (You found it on level 6 of the Dungeon)
 E - an amulet of regeneration {@e2}
   (You took it off an orc on level 7 of the Dungeon)
Wands
 g - a wand of charming (2)
   (You found it on level 7 of the Dungeon)
 u - a wand of polymorph (8)
   (You found it on level 4 of the Dungeon)
 y - a wand of paralysis (19)
   (You found it on level 5 of the Dungeon)
 C - a wand of flame (54)
   (You found it on level 6 of the Dungeon)
Scrolls
 e - 2 scrolls of poison {!r}
 i - 2 scrolls of enchant armour
 n - 3 scrolls of teleportation {@r4}
 o - a scroll of immolation {!r!r}
 q - a scroll of vulnerability {unknown}
 r - 2 scrolls of fog {unknown}
 s - 2 scrolls of fear {unknown}
 t - 3 scrolls of blinking {!r}
 z - 2 scrolls of enchant weapon {unknown}
 A - a scroll of brand weapon
 D - 2 scrolls of identify {@r1}
Potions
 b - a potion of magic
 c - 4 potions of haste {unknown}
 d - 3 potions of mutation {unknown}
 h - a potion of invisibility {unknown}
 j - 3 potions of heal wounds {unknown}
 k - 2 potions of flight {unknown}
 l - 2 potions of attraction {unknown}
 p - 5 potions of curing {unknown}
 v - a potion of ambrosia {unknown}
 x - a potion of brilliance {unknown}

Dungeon Overview and Level Annotations

Branches:
Dungeon (8/15)             Temple (1/1) D:6
   Lair: D:8-11

Altars:
Ashenzari
Cheibriados
Dithmenos
Elyvilon
Fedhas
Gozag
Hepliaklqana
Kikubaaqudgha
Makhleb
Nemelex Xobeh
Okawaru
Qazlal
Ru
Sif Muna
Trog
Uskayaw
Wu Jian
Xom
Yredelemnul
Zin
The Shining One

Shops:
D:4 (

Annotations:
D:7 Joseph
D:8 Grum

.......................
#..#.#..........###.$..
....#..........# ....
#####...#..........#
....
.......#..........#
...h #....#..........#


hh.. #).#h.......### ..g. #.)#h#.####.# .... #...@h.# #.# ######....####.#
...............# ...........#### #######....# #>.### .... ##.## .# You could see
3 wolves.


Message History

HP[+9]
Your hp is fully restored (51).
There is a stone staircase leading up here.
y - a wand of paralysis (20) (gained 10 charges)
A howler monkey comes into view.
You see here a wand of flame (28).
C - a wand of flame (54) (gained 28 charges)
Casting: Stone Arrow (dangerous; 3% risk of failure)
Confirm with . or Enter, or press ? or * to list all spells.
You can't see any susceptible monsters within range! (Use Z to cast anyway.)
Casting: Stone Arrow (dangerous; 3% risk of failure)
Confirm with . or Enter, or press ? or * to list all spells.
Aiming: Stone Arrow (dangerous; 3% risk of failure)
Press: ? - help, Shift-Dir - straight line, f - howler monkey
Aim: a howler monkey (asleep, 100% to hit)
The stone arrow hits the howler monkey!
You kill the howler monkey!
A wolf comes into view.
A howler monkey comes into view.
MP[-3]
You lost 3 mp, and now have 15/18 mp.
Casting: Stone Arrow (dangerous; 3% risk of failure)
Confirm with . or Enter, or press ? or * to list all spells.
Aiming: Stone Arrow (dangerous; 3% risk of failure)
Press: ? - help, Shift-Dir - straight line, f - howler monkey
Aim: a howler monkey (wandering, hasn't noticed you, 68% to hit)
The stone arrow hits the howler monkey!!
You kill the howler monkey!
MP[-3]
You lost 3 mp, and now have 12/18 mp.
The wolf is distracted by your dazzling golden aura.
MP[+1]
The wolf is no longer distracted by gold.
The wolf attacks as you move away! The wolf barely misses you.
The wolf closely misses you. The wolf barely misses you. The wolf bites you.
HP[-1]
You take 1 damage, and now have 50/51 hp.
The wolf bites you.
There is a stone staircase leading up here.
HP[-2] MP[+1]
You take 2 damage, and now have 48/51 hp.
You hit the wolf. You grab the wolf. You squeeze the wolf.
You constrict the wolf. The wolf barely misses you.
HP[+1]
You hit the wolf. You constrict the wolf. The wolf barely misses you.
The wolf bites you but does no damage.
You whack the wolf!
You kill the wolf!
Your Transmutations skill increases to level 5!
You now have 541 gold pieces (gained 5).
You start resting.
HP[+2] MP[+2]
Your hp is fully restored (51).
You regained 2 mp, and now have 16/18 mp.
You start resting.
MP[+2]
Your mp is fully restored (18).
Grum and 2 wolves come into view.
The wolf howls! x2; You hear a howl!
You hear an angry buzzing noise.
A wolf comes into view.
The wolf attacks as you move away! The wolf bites you! The wolf bites you.
HP[-7]
You take 7 damage, and now have 44/51 hp.
The wolf bites you!
HP[-11]
You take 11 damage, and now have 33/51 hp.
MASSIVE DAMAGE!! (PAUSE)
The wolf attacks as you move away! The wolf bites you.
The wolf completely misses you. The wolf misses you.
HP[-4]
You take 4 damage, and now have 29/51 hp.
The wolf bites you.
HP[-1]
You take 1 damage, and now have 28/51 hp.
The wolf attacks as you move away! The wolf barely misses you.
The wolf bites you.
* * * LOW HITPOINT WARNING * * *
HP[-4]
You take 4 damage, and now have 24/51 hp.
The wolf attacks as you move away! The wolf bites you!
* * * LOW HITPOINT WARNING * * *
HP[-8]
You take 8 damage, and now have 16/51 hp.
The wolf attacks as you move away! The wolf bites you.
* * * LOW HITPOINT WARNING * * *
The wolf bites you.
* * * LOW HITPOINT WARNING * * *
There is a stone staircase leading up here.
HP[-5]
You take 5 damage, and now have 11/51 hp.
Aiming: Paralyse
Press: ? - help, Q - select action, (/) - cycle Shift-Dir - straight line, f - wolf
Aim: a wolf (chance to affect: 49%)
The wolf resists with some effort.
The wolf bites you!
* * * LOW HITPOINT WARNING * * *
The wolf barely misses you. The wolf bites you.
You die...
Your body crumbles into a pile of gold.

Skill      XL: |  1  2  3  4  5  6  7  8  9 |
---------------+----------------------------+-----
Earth Magic    | 4 5 6 8 9 10 | 10.0
Spellcasting   | 3 4 5 6 |  6.0
Transmutations | 5 |  5.0
Dodging        | |  2.0
Stealth        | |  2.6

Action                   |  1- 3 |  4- 6 |  7- 9 || total
-------------------------+-------+-------+-------++-------
Melee: Dagger            |    47 |    43 |       ||    90
       Unarmed           |     6 |       |       ||     6
       Tentacles         |     3 |    13 |    10 ||    26
       Constrict         |    11 |    13 |    10 ||    34
       Punch             |     1 |       |       ||     1
       Whip              |       |    12 |    47 ||    59
 Cast: Sandblast         |     5 |    25 |    23 ||    53
       Stone Arrow       |       |     9 |    46 ||    55
Evoke: Wand              |       |       |     1 ||     1
  Use: Scroll            |       |       |     6 ||     6
 Stab: Sleeping          |     3 |    14 |     2 ||    19
Armor: Skin              |     4 |       |     1 ||     5
Dodge: Dodged            |    29 |    41 |    48 ||   118

Levels and vault maps discovered:
D:1:      mushboom_english_gardens, layout_rooms, shapermc_ecumenical_altar_gd
D:2:      layout_loops_cross, nicolae_elevator_lobby_plus, uniq_natasha
D:3:      layout_basic, mainiacjoe_overflow_concentric_impassable
D:4:      layout_loops_ring, serial_shops, nicolae_shop_stone
D:5:      layout_loops_cross, mainiacjoe_overflow_catch_the_wave,
          wad_woods_river_04
D:6:      layout_loops_corners, old_standard_altar,
          nicolae_wu_jian_immortal_techniques,
          minmay_temple_entry_statues_pillars, wad_floor_pattern_1
D:7:      layout_rooms, st_stairs_1, kennysheep_nondescript,
          corexii_item_surrounded_by_moat, hex_medium, uniq_joseph
D:8:      layout_basic, serial_shops, nicolae_shop_behind_doors, uniq_maurice,
          uniq_grum
Temple:   eino_temple_rhombus

Notes
Turn   | Place    | Note
-------+----------+-------------------------------------------
     0 | D:1      | zeratav the Octopode Earth Elementalist began the quest for
                  | the Orb.
     0 | D:1      | Reached XP level 1. HP: 11/11 MP: 3/3
     0 | D:1      | magus.rc [v1.9.6]
   387 | D:1      | Reached XP level 2. HP: 10/17 MP: 5/5
   730 | D:1      | You pick up a book of Vapours and begin reading...
   730 | D:1      | You add the spells Poisonous Vapours and Corpse Rot to your
                  | library.
   769 | D:1      | Found a faded altar of an unknown god.
   777 | D:1      | Reached XP level 3. HP: 19/21 MP: 6/6
  1326 | D:2      | Noticed Natasha
  1334 | D:2      | Killed Natasha
  1335 | D:2      | Reached skill level 4 in Earth Magic
  1335 | D:2      | Reached XP level 4. HP: 27/27 MP: 6/8
  1374 | D:2      | Noticed Natasha
  1381 | D:2      | Killed Natasha
  1831 | D:2      | Noticed Natasha
  1835 | D:2      | Reached skill level 3 in Spellcasting
  1840 | D:2      | Killed Natasha
  1841 | D:2      | Reached XP level 5. HP: 18/31 MP: 9/9
  2107 | D:3      | Learned a level 3 spell: Stone Arrow
  2109 | D:3      | Found a shadowy altar of Dithmenos.
  2158 | D:3      | Reached skill level 5 in Earth Magic
  2943 | D:4      | Found Hinaabuo's Antique Weapon Shoppe.
  3204 | D:4      | Reached XP level 6. HP: 21/36 MP: 9/11
  3418 | D:4      | You pick up a book of Flames and begin reading...
  3418 | D:4      | You add the spells Foxfire, Conjure Flame, Inner Flame and
                  | Flame Wave to your library.
  3679 | D:4      | You pick up a book of Air and begin reading...
  3679 | D:4      | You add the spells Shock, Swiftness and Airstrike to your
                  | library.
  3719 | D:5      | Entered Level 5 of the Dungeon
  3785 | D:5      | You pick up a book of Air and begin reading...
  3903 | D:5      | Reached skill level 6 in Earth Magic
  3912 | D:5      | HP: 9/36 [poisoned by an adder]
  4560 | D:5      | You add the spells Yara's Violent Unravelling, Alistair's
                  | Intoxication and Statue Form to your library.
  4560 | D:5      | Got the Almanac of Unstable Clay
  4602 | D:5      | Reached skill level 4 in Spellcasting
  4730 | D:5      | Found a burning altar of Makhleb.
  4741 | D:5      | Reached XP level 7. HP: 41/41 MP: 13/13
  4900 | D:5      | Found an iron altar of Okawaru.
  5024 | D:6      | Reached skill level 7 in Earth Magic
  5496 | D:6      | Found an ornate altar of the Wu Jian Council.
  5547 | D:6      | Found a hide-covered altar of Uskayaw.
  5783 | D:6      | Found a staircase to the Ecumenical Temple.
  5791 | D:6      | Reached skill level 5 in Spellcasting
  5791 | D:6      | Reached skill level 8 in Earth Magic
  5791 | D:6      | Reached XP level 8. HP: 46/46 MP: 1/15
  5797 | Temple   | Entered the Ecumenical Temple
  6070 | Temple   | Became a worshipper of Gozag Ym Sagoz the Greedy
  6462 | D:6      | Reached skill level 9 in Earth Magic
  6715 | D:7      | You pick up a book of Iron and begin reading...
  6715 | D:7      | You add the spells Blade Hands and Iron Shot to your
                  | library.
  6720 | D:7      | Noticed Joseph
  6766 | D:7      | Reached skill level 6 in Spellcasting
  7039 | D:7      | Reached XP level 9. HP: 51/51 MP: 11/18
  7061 | D:7      | Reached skill level 10 in Earth Magic
  7061 | D:7      | Reached skill level 2 in Transmutations
  7289 | D:7      | Reached skill level 3 in Transmutations
  7692 | D:7      | Reached skill level 4 in Transmutations
  8008 | D:8      | Reached skill level 5 in Transmutations
  8040 | D:8      | Noticed Grum
  8053 | D:8      | HP: 11/51 [wolf[Grum] (4)]
  8054 | D:8      | HP: 3/51 [wolf[Grum] (8)]
  8054 | D:8      | Slain by a wolf

Vanquished Creatures
  2 water moccasins (D:7)
  An orc warrior (D:6)
  A black bear (D:7)
  An ogre (D:7)
  A wolf (D:8)
  2 centaurs
  3 phantoms
  2 bullfrogs
  A necrophage (D:6)
  2 scorpions (D:5)
  5 wights (D:6)
  2 howler monkeys (D:8)
  5 hounds
  2 orc priests (D:7)
  2 jellies
  A gnoll shaman (D:6)
  4 iguanas
  3 orc wizards
  Natasha (thrice) (D:2)
  7 gnolls
  6 adders
  A shadow imp (D:7)
  A white imp (D:6)
  2 ufetubi
  2 worms (D:2)
  2 dart slugs
  12 orcs
  10 endoplasms
  5 giant cockroaches
  2 hobgoblins (D:2)
  10 jackals
  2 kobolds
  4 quokkas
  5 ball pythons
  4 bats
  3 frilled lizards
  5 goblins
  4 rats
130 creatures vanquished.

Vanquished Creatures (others)
  7 demonic plants (D:1)
  3 fungi (D:1)
  6 withered plants (D:1)
16 creatures vanquished.

Grand Total: 146 creatures vanquished

Table legend:
 A = Non-vault XP
 B = Vault XP
 C = Vault XP percentage of total XP
 D = Non-vault monster count
 E = Vault monster count
 F = Vault count percentage of total count
                 A         B        C        D         E       F
            +---------+---------+-------+---------+---------+-------
      Total |    2960 |     407 |  12.1 |     126 |       4 |   3.1
            +---------+---------+-------+---------+---------+-------
        D:1 |      43 |       0 |   0.0 |      24 |       0 |   0.0
        D:2 |     108 |      36 |  25.0 |      18 |       1 |   5.3
        D:3 |      61 |       0 |   0.0 |      12 |       0 |   0.0
        D:4 |     119 |       0 |   0.0 |      12 |       0 |   0.0
        D:5 |     442 |       0 |   0.0 |      16 |       0 |   0.0
        D:6 |    1161 |       0 |   0.0 |      23 |       0 |   0.0
        D:7 |     886 |     260 |  22.7 |      17 |       2 |  10.5
        D:8 |     140 |     111 |  44.2 |       4 |       1 |  20.0
            +---------+---------+-------+---------+---------+-------

Illustrated notes

Table legend:
 A = Kills in this place as a percentage of kills in entire the game.
 B = Kills by you in this place as a percentage of kills by you in the entire game.
 C = Kills by friends in this place as a percentage of kills by friends in the entire game.
 D = Other kills in this place as a percentage of other kills in the entire game.
 E = Experience gained in this place as a percentage of experience gained in the entire game.
 F = Experience gained in this place divided by the number of levels of this place that you have seen.
                   A       B       C       D       E      F
               +-------+-------+-------+-------+-------+----------------------
         Total | 100.0 | 100.0 |   N/A |   N/A | 100.0 | 374.1
       Dungeon | 100.0 | 100.0 |   N/A |   N/A | 100.0 | 420.9
               +-------+-------+-------+-------+-------+----------------------

Table legend: (Time is in decaauts)
 A = Elapsed time spent in this place.
 B = Non-inter-level travel time spent in this place.
 C = Inter-level travel time spent in this place.
 D = Time resting spent in this place.
 E = Time spent auto-exploring this place.
 F = Levels seen in this place.
 G = Mean time per level.
                   A        B        C        D        E       F      G
               +--------+--------+--------+--------+--------+-----+--------+
         Total |   8063 |   7858 |    205 |   1664 |   4942 |   9 |  895.9 |
       Dungeon |   7779 |   7603 |    176 |   1664 |   4701 |   8 |  972.4 |
        Temple |    283 |    254 |     29 |      0 |    241 |   1 |  283.0 |
               +--------+--------+--------+--------+--------+-----+--------+

Top non-repeatable levels by time:
     D:6: 1427 daAuts
     D:5: 1390 daAuts
     D:1: 1086 daAuts
     D:7: 1084 daAuts
     D:2: 1014 daAuts
     D:4: 826 daAuts
     D:3: 789 daAuts
  Temple: 283 daAuts
     D:8: 158 daAuts
